 Dungeon Crawl Stone Soup version 0.23.2-33-g5129a83184 (webtiles) character file.

Game seed: 2837749737475153899

351 troglodite the Charmwright (level 6, -1/51 HPs)
             Began as a Gnoll Skald on June 27, 2019.
             Slain by a scorpion (7 damage)
             ... on level 4 of the Dungeon.
             The game lasted 00:10:12 (3517 turns).

troglodite the Charmwright (Gnoll Skald)            Turns: 3517, Time: 00:10:12

Health: -1/51      AC:  4    Str: 13    XL:     6   Next: 61%
Magic:  4/14       EV: 14    Int: 18    God:
Gold:   216        SH:  0    Dex: 14    Spells: 8/15 levels left

rFire    . . .     SeeInvis .   m - +0 spear (venom)
rCold    . . .     Gourm    .   (no shield)
rNeg     . . .     Faith    .   b - +0 leather armour
rPois    .         Spirit   .   o - +0 helmet
rElec    .         Reflect  .   (no cloak)
rCorr    .         Harm     .   (no gloves)
MR       .....                  (no boots)
Stlth    ++........             (no amulet)
HPRegen  1.17/turn              v - +4 ring of slaying
MPRegen  0.14/turn              (no ring)

@: lethally poisoned (-1 -> -1), very slightly contaminated, regenerating
(expiring)
A: distributed training, fangs 1, strong nose
a: no special abilities


You were on level 4 of the Dungeon.
You were not hungry.

You visited 1 branch of the dungeon, and saw 5 of its levels.

You collected 216 gold pieces.

Inventory:

Hand Weapons
 m - a +0 spear of venom (weapon)
 t - the +4 hunting sling "Keujux" {velocity, rElec rC+ rN+ Dex+4}
   (You found it on level 4 of the Dungeon)

   Any stone fired from it inflicts extra damage.
   It affects your dexterity (+4).
   It protects you from cold.
   It insulates you from electricity.
   It protects you from negative energy.
Missiles
 j - 4 tomahawks of dispersal (quivered)
 u - 254 stones
 z - 35 sling bullets
Armour
 b - a +0 leather armour (worn)
 o - a +0 helmet (worn)
 r - a +3 chain mail
Jewellery
 v - a +4 ring of slaying (left hand)
Wands
 p - a wand of flame (19)
 x - a wand of acid (5)
Scrolls
 c - 4 scrolls of magic mapping {unknown}
 e - 8 scrolls of identify {unknown}
 f - a scroll of noise {unknown}
 i - 5 scrolls of teleportation {unknown}
 l - a scroll of enchant armour {unknown}
 q - 3 scrolls of remove curse {unknown}
 y - a scroll of fear {unknown}
Potions
 a - a potion of heal wounds {unknown}
 g - 2 potions of mutation {unknown}
 h - a potion of magic {unknown}
 k - a potion of agility {unknown}
 n - a potion of berserk rage {unknown}
 s - a potion of curing {unknown}
Comestibles
 d - 8 rations


   Skills:
 + Level 5.0 Fighting
 + Level 2.0 Short Blades
 + Level 2.0 Long Blades
 + Level 2.0 Axes
 + Level 2.0 Maces & Flails
 + Level 5.0 Polearms
 + Level 2.0 Staves
 + Level 2.0 Slings
 + Level 2.0 Bows
 + Level 2.0 Crossbows
 + Level 2.0 Throwing
 + Level 3.2 Armour
 + Level 5.0 Dodging
 + Level 2.0 Stealth
 + Level 2.0 Shields
 + Level 2.0 Unarmed Combat
 + Level 5.4 Spellcasting
 + Level 1.5 Conjurations
 + Level 1.5 Hexes
 + Level 5.6 Charms
 + Level 1.5 Summonings
 + Level 1.5 Necromancy
 + Level 1.5 Translocations
 + Level 1.5 Transmutations
 + Level 1.5 Fire Magic
 + Level 1.5 Ice Magic
 + Level 1.5 Air Magic
 + Level 1.5 Earth Magic
 + Level 1.5 Poison Magic
 + Level 2.2 Invocations
 + Level 2.0 Evocations


You had 8 spell levels left.
You knew the following spells:

 Your Spells              Type           Power        Failure   Level  Hunger
a - Infusion              Chrm           ####         1%          1    None
b - Spectral Weapon       Hex/Chrm       ###.....     11%         3    ##.....
c - Regeneration          Chrm/Necr      ###.......   11%         3    ##.....

Your spell library contained the following spells:

 Spells                   Type           Power        Failure   Level  Hunger
 Song of Slaying          Chrm           ####....     2%          2    #......
 Shroud of Golubria       Chrm/Tloc      ###.......   5%          2    #......


Dungeon Overview and Level Annotations

Branches:
Dungeon (5/15)
 Temple: D:4-7

Altars:
Makhleb
Yredelemnul
Zin


Innate Abilities, Weirdness & Mutations

Your experience applies equally to all skills.
You have very sharp teeth.
Your uncanny sense of smell can sniff out nearby items.


Message History

* * * LOW HITPOINT WARNING * * *
You are poisoned.
The scorpion poisons you!
Casting: Regeneration (safe; 11% risk of failure)
Confirm with . or Enter, or press ? or * to list all spells.
Your skin crawls.
You feel sick. The scorpion barely misses you.
You eat one of the 9 rations.
That ration really hit the spot!
You feel sick. The scorpion stings you.
* * * LOW HITPOINT WARNING * * *
You are more poisoned.
The scorpion poisons you!
You feel sick.
Your skin is crawling a little less now.
You feel sick.
You feel sick.
You feel sick.
Casting: Regeneration (safe; 11% risk of failure)
Confirm with . or Enter, or press ? or * to list all spells.
You draw out your weapon's spirit!
You feel sick. The scorpion stings you!
You die...

#..#.##...## #..#..##...#
###########..######..#
............#.##..#..#
.....########..##.#..## .....#
#...#.#(..# ....># ##.(..#...#
.)...### #....#...# ##
.......#### ###.@...### #.
.....#....###...s##.############.
.....####.....(...............#..
..)..# ####)###.############.(.#
####.# #.# #.# #.....( #.###
###.# #.# ###<##### #...# #...#
#.# ##...# ###.# #.### #)#
##..### ####.###.### #[# #<.##


You could see a scorpion and a friendly spectral +0 spear of venom.

Vanquished Creatures
  A crocodile (D:4)
  A howler monkey (D:4)
  An orc priest (D:4)
  3 worker ants
  5 adders
  An ooze (D:1)
  7 worms
  A dart slug (D:2)
  6 leopard geckos
  5 orcs (D:4)
  2 giant cockroaches
  6 hobgoblins
  3 jackals (D:3)
  A quokka (D:2)
  10 bats
  3 frilled lizards
  8 goblins
  3 kobolds
  2 rats
69 creatures vanquished.

Vanquished Creatures (others)
  A spectral weapon (D:4)
1 creature vanquished.

Grand Total: 70 creatures vanquished

Notes
Turn   | Place    | Note
-------+----------+-------------------------------------------
     0 | D:1      | troglodite the Gnoll Skald began the quest for the Orb.
     0 | D:1      | Reached XP level 1. HP: 20/20 MP: 6/6
   370 | D:1      | Reached XP level 2. HP: 26/26 MP: 7/7
  1100 | D:2      | Reached skill level 5 in Spellcasting
  1100 | D:2      | Reached XP level 3. HP: 29/31 MP: 7/9
  1105 | D:2      | Learned a level 3 spell: Spectral Weapon
  1151 | D:2      | Reached skill level 1 in Invocations
  1324 | D:2      | Reached skill level 1 in Short Blades
  1324 | D:2      | Reached skill level 1 in Long Blades
  1324 | D:2      | Reached skill level 1 in Axes
  1324 | D:2      | Reached skill level 1 in Maces & Flails
  1324 | D:2      | Reached skill level 1 in Staves
  1324 | D:2      | Reached skill level 1 in Slings
  1324 | D:2      | Reached skill level 1 in Bows
  1324 | D:2      | Reached skill level 1 in Crossbows
  1324 | D:2      | Reached skill level 1 in Throwing
  1324 | D:2      | Reached skill level 1 in Stealth
  1324 | D:2      | Reached skill level 1 in Shields
  1324 | D:2      | Reached skill level 1 in Unarmed Combat
  1324 | D:2      | Reached skill level 1 in Evocations
  1458 | D:2      | Reached XP level 4. HP: 38/38 MP: 11/11
  1709 | D:2      | Learned a level 3 spell: Regeneration
  2021 | D:3      | Reached skill level 1 in Conjurations
  2021 | D:3      | Reached skill level 1 in Hexes
  2021 | D:3      | Reached skill level 1 in Summonings
  2021 | D:3      | Reached skill level 1 in Necromancy
  2021 | D:3      | Reached skill level 1 in Translocations
  2021 | D:3      | Reached skill level 1 in Transmutations
  2021 | D:3      | Reached skill level 1 in Fire Magic
  2021 | D:3      | Reached skill level 1 in Ice Magic
  2021 | D:3      | Reached skill level 1 in Air Magic
  2021 | D:3      | Reached skill level 1 in Earth Magic
  2021 | D:3      | Reached skill level 1 in Poison Magic
  2125 | D:3      | Reached XP level 5. HP: 40/43 MP: 12/12
  2751 | D:4      | Got a brightly glowing hunting sling
  2760 | D:4      | Identified the +4 hunting sling "Keujux" {velocity, rElec
                  | rC+ rN+ Dex+4} (You found it on level 4 of the Dungeon)
  2903 | D:4      | Found a burning altar of Makhleb.
  2903 | D:4      | Found a glowing silver altar of Zin.
  2907 | D:4      | Reached XP level 6. HP: 50/50 MP: 13/13
  2925 | D:4      | Found a basalt altar of Yredelemnul.
  3468 | D:5      | Entered Level 5 of the Dungeon
  3485 | D:4      | Reached skill level 5 in Fighting
  3485 | D:4      | Reached skill level 5 in Polearms
  3485 | D:4      | Reached skill level 5 in Dodging
  3517 | D:4      | Slain by a scorpion

Skill      XL: |  1  2  3  4  5  6 |
---------------+-------------------+-----
Spellcasting   | 5 |  5.4
Invocations    | 1 2 |  2.2
Short Blades   | 1 2 |  2.0
Long Blades    | 1 2 |  2.0
Axes           | 1 2 |  2.0
Maces & Flails | 1 2 |  2.0
Staves         | 1 2 |  2.0
Slings         | 1 2 |  2.0
Bows           | 1 2 |  2.0
Crossbows      | 1 2 |  2.0
Throwing       | 1 2 |  2.0
Stealth        | 1 2 |  2.0
Shields        | 1 2 |  2.0
Unarmed Combat | 1 2 |  2.0
Evocations     | 1 2 |  2.0
Conjurations   | 1 |  1.5
Hexes          | 1 |  1.5
Summonings     | 1 |  1.5
Necromancy     | 1 |  1.5
Translocations | 1 |  1.5
Transmutations | 1 |  1.5
Fire Magic     | 1 |  1.5
Ice Magic      | 1 |  1.5
Air Magic      | 1 |  1.5
Earth Magic    | 1 |  1.5
Poison Magic   | 1 |  1.5
Armour         | 3 |  3.2
Fighting       | 5 |  5.0
Polearms       | 5 |  5.0
Dodging        | 5 |  5.0
Charms         | |  5.6

Action                   |  1- 3 |  4- 6 || total
-------------------------+-------+-------++-------
Melee: Spear             |    95 |   146 ||   241
       Bite              |     5 |    19 ||    24
 Cast: Spectral Weapon   |     1 |     4 ||     5
       Regeneration      |       |     2 ||     2
 Stab: Sleeping          |     4 |     3 ||     7
  Eat: Chunk             |     2 |     5 ||     7
       Ration            |       |     1 ||     1
Armor: Leather armour    |     8 |    16 ||    24
Dodge: Dodged            |    52 |    61 ||   113
